 Dungeon Crawl Stone Soup version 0.21-a0-584-g185da8e (webtiles) character file.

192805 Amnesiac the Devastator (level 18, -3/110 HPs)
             Began as a Deep Elf Ice Elementalist on Dec 21, 2017.
             Was an Elder of Sif Muna.
             Slain by an ancient lich (7 damage)
             ... on level 3 of the Abyss.
             The game lasted 01:37:56 (41078 turns).

Amnesiac the Devastator (DEIE)                     Turns: 41078, Time: 01:37:57

Health: -3/110     AC: 15    Str:  5    XL:     18   Next: 5%
Magic:  2/64       EV:  2    Int: 36    God:    Sif Muna [****..]
Gold:   2896       SH:  0    Dex: 15    Spells: 8/50 levels left

rFire    . . .     SeeInvis .   a - staff of power
rCold    . . .     Gourm    .   y - +0 buckler
rNeg     + + +     Faith    .   p - +2 robe {Archmagi}
rPois    ∞         Spirit   .   n - +2 hat {Int+3}
rElec    .         Reflect  .   P - +2 cloak {rPois}
rCorr    .         Harm     +   Q - +2 pair of gloves {archery}
MR       +....                  r - +2 pair of boots
Stlth    ++........             j - amulet of harm
HPRegen  0.28/turn              J - ring of magical power
MPRegen  0.39/turn              q - +4 ring of intelligence

@: petrified, no casting
A: no striking features
a: Stop Divine Energy, Channel Magic, Forget Spell, Renounce Religion


You were on level 3 of the Abyss.
You worshipped Sif Muna.
Sif Muna was greatly pleased with you.
You were hungry.

You visited 5 branches of the dungeon, and saw 27 of its levels.
You visited the Abyss 1 time.
You also visited: Labyrinth, Ice Cave and Desolation.

You collected 3008 gold pieces.
You spent 112 gold pieces at shops.

Inventory:

Armour
 n - a +2 hat of intelligence (worn)
 p - a +2 robe of the Archmagi (worn)
 r - a +2 pair of boots (worn)
 y - a +0 buckler (worn)
 P - a +2 cloak of poison resistance (worn)
 Q - a +2 pair of gloves of archery (worn)
 T - a +2 cloak of cold resistance
Magical Staves
 a - an uncursed staff of power (weapon)
 u - an uncursed staff of air
Jewellery
 b - an uncursed ring of flight
 e - an uncursed ring of fire
 h - the amulet "Zedgh" {RegenMP rN+ MR+ Dex+3}
   (You found it in the Desolation of Salt)

   [amulet of magic regeneration]

   It increases your magic regeneration.
   It affects your dexterity (+3).
   It protects you from negative energy.
   It affects your resistance to hostile enchantments.
 j - an amulet of harm (around neck)
 q - a +4 ring of intelligence (right hand)
 G - an uncursed ring of poison resistance
 J - a ring of magical power (left hand)
 K - an uncursed ring of resist corrosion
 L - an uncursed ring of protection from fire
 M - an uncursed amulet of faith
Wands
 S - a wand of digging (12)
Scrolls
 g - 5 scrolls of fog {!r}
 i - 9 scrolls of teleportation {!r}
 k - a scroll of fear {!r}
 x - 7 scrolls of remove curse {!r}
 E - a scroll of identify {!r}
 F - 2 scrolls of blinking {!r}
 H - 4 scrolls of magic mapping {!r}
 V - 3 scrolls of enchant weapon {!r}
 Z - 2 scrolls of summoning {!r}
Potions
 d - 2 potions of might {!q}
 f - 3 potions of haste {!q}
 l - 5 potions of lignification {!q}
 m - 10 potions of curing {!q}
 o - 5 potions of agility {!q}
 v - 2 potions of resistance {!q}
 w - 6 potions of heal wounds {!q}
 z - 5 potions of mutation {!q}
 A - 2 potions of flight {!q}
 B - 3 potions of berserk rage {!q}
 C - 2 potions of cancellation {!q}
 D - a potion of ambrosia {!q}
 I - 3 potions of brilliance {!q}
 R - a potion of invisibility {!q}
 Y - a potion of magic {!q}
Comestibles
 c - 40 rations
 s - 6 chunks of flesh


   Skills:
 - Level 11.0 Fighting
 - Level 11.0 Dodging
 - Level 3.0 Stealth
 - Level 4.0 Shields
 + Level 16.7 Spellcasting
 * Level 17.9 Conjurations
 - Level 5.1 Charms
 * Level 17.9 Ice Magic
 - Level 5.1 Air Magic
 - Level 8.0 Invocations


You had 8 spell levels left.
You knew the following spells:

 Your Spells              Type           Power        Failure   Level  Hunger
a - Orb of Destruction    Conj           ########..   1%          7    ###....
b - Ozocubu's Armour      Chrm/Ice       ########     1%          3    None
c - Summon Ice Beast      Ice/Summ       #######.     1%          4    None
e - Freezing Cloud        Conj/Ice/Air   ########..   1%          6    None
f - Glaciate              Conj/Ice       ########..   45%         9    ######.
g - Summon Butterflies    Summ           #####...     1%          1    None
i - Apportation           Tloc           #####.       1%          1    None
r - Regeneration          Chrm/Necr      ######....   1%          3    None
t - Deflect Missiles      Chrm/Air       #######...   22%         6    None
v - Blink                 Tloc           N/A          1%          2    None


Dungeon Overview and Level Annotations

Branches:
Dungeon (15/15)            Temple (1/1) D:7            Lair (6/6) D:10
 Shoals (0/4) Lair:2        Snake (0/4) Lair:4        Slime (0/5) Lair:5
    Orc (2/2) D:11            Elf (3/3) Orc:2        Vaults (0/5) D:14
 Depths (0/5) D:15

Altars:
Ashenzari
Cheibriados
Dithmenos
Elyvilon
Fedhas
Gozag
Hepliaklqana
Kikubaaqudgha
Makhleb
Nemelex Xobeh
Okawaru
Qazlal
Ru
Sif Muna
Trog
Uskayaw
Vehumet
Wu Jian
Xom
Yredelemnul
Zin
The Shining One
Beogh
Jiyva

Shops:
D:11 !   D:12 *   Orc:2 (?(*   Elf:2 =

Portals:
Bazaar: D:11
Trove: D:10 (give 5 potions of resistance)


Message History

You feel a surge of power!
You are feeling hungry.
The substance of the Abyss twists violently, and a gateway leading out appears!
You hear some strange, mumbled words.
A bolt of acid appears from out of thin air!
Deactivating autopickup; reactivate with Ctrl-A.
The bolt of acid misses you.
Casting: Orb of Destruction
Confirm with . or Enter, or press ? or * to list all spells.
Aiming: Orb of Destruction
Press: ? - help, Shift-Dir - straight line, f - lich
Aim: a lich You feel a surge of power!
Unknown command.
The orb of destruction hits something.
You are slowing down.
The lich gestures wildly while chanting.
The lich seems to speed up.
Things that are here:
+0 ice dragon scales; an ice dragon corpse Unknown command.
Casting: Orb of Destruction
Confirm with . or Enter, or press ? or * to list all spells.
Aiming: Orb of Destruction
Press: ? - help, Shift-Dir - straight line, f/p - lich
Aim: a lich (fast)
You feel a surge of power!
A starcursed mass splits.
The orb of destruction hits the lich.
You blow up the lich!
Sif Muna accepts your kill.
You hear some strange, mumbled words.
A crystal spear appears from out of thin air!
You deflect the crystal spear!
You feel less protected from missiles.
You hear an angry buzzing noise.
Your limbs are stiffening.
Casting: Orb of Destruction
Confirm with . or Enter, or press ? or * to list all spells.
Aiming: Orb of Destruction
Press: ? - help, Shift-Dir - straight line, f - starcursed mass
Aim: a starcursed mass You feel a surge of power!
Sif Muna grants you divine energy.
You briefly lose access to your magic!
You hear some strange, mumbled words.
A crystal spear appears from out of thin air!
The crystal spear hits you!
A starcursed mass splits.
You have turned to stone.
A chaos spawn appears from thin air!
Reactivating autopickup.
A chaos spawn comes into view.
The orb of destruction hits the starcursed mass.
You blow up the starcursed mass!
Sif Muna accepts your kill. 2 chaos spawn come into view.
You hear some strange, mumbled words.
A crystal spear appears from out of thin air!
Deactivating autopickup; reactivate with Ctrl-A.
The crystal spear hits you!
* * * LOW HITPOINT WARNING * * *
A fire bat comes into view.
A chorus of shrieks assaults your mind.
* * * LOW HITPOINT WARNING * * *
Something touches you!
You die...

.. . .. .. . #. ...
.... .... # > #..
..##..# . . #..##
.##..##..##... .
............... . ..
. ............... .#
. . #.. #..# ..# ..#
..##..##.[##..##....#
# #......@§4bX.......
# ..
.#.......#...#X.. ..#
. #.##..#..####4 #..
## #. . #..###.#
...'..## . . ...
.##§...'. # # ..... .
§§{..# ## . # ..##
..§X.## . . .. # L.
## . . # # #.. L2#


You could see 2 starcursed masses, a chaos spawn and a fire bat.

Vanquished Creatures
  4 liches (Abyss:3)
  3 deep elf blademasters
  Gastronok (D:9)
  3 deep elf sorcerers
  A deep elf elementalist (Elf:3)
  A juggernaut skeleton (D:15)
  A deep elf demonologist (Elf:3)
  A halazid warlock (Desolation)
  4 deep elf annihilators (Elf:3)
  Snorg (D:12)
  4 deep elf death magi
  A deep elf high priest (Elf:3)
  5 crystal guardians (Desolation)
  A minotaur (Lab)
  Josephine (Orc:1)
  The ghost of Armakuni the Purifying Vine, a journeyman VSTm of Elyvilon (Lair:5)
  5 ragged hierophants (Desolation)
  4 servants of whispers (Desolation)
  6 ogre magi
  8 hydras
  3 ice dragons
  9 vault guards
  3 catoblepae (Lair:6)
  3 peacekeepers (Desolation)
  A centaur warrior (D:13)
  13 two-headed ogres
  Erica (D:9)
  A vampire mage (D:15)
  18 dancing weapons
  Urug (Orc:1)
  7 death yaks (Lair:6)
  A titan zombie (D:15)
  11 deep elf knights
  The ghost of Nattefrost the Carver, a novice MiMo (D:9)
  Nergalle (Lair:1)
  2 skeletal warriors (D:15)
  9 deep elf archers
  Pikel (D:7)
  An unseen horror (D:10)
  2 ironbrand convokers (Desolation)
  2 necromancers
  An orc knight (Orc:2)
  3 orc sorcerers
  49 deep elf magi
  4 oklob plants (Lair:3)
  A mana viper (shapeshifter) (D:12)
  5 manticores
  25 ugly things
  2 cyclopes
  4 guardian serpents (Desolation)
  Maurice (D:9)
  3 centaur zombies
  Psyche (D:11)
  7 black mambas
  An ice statue (IceCv)
  14 spiny frogs
  5 elephants
  A smoke demon (Abyss:3)
  2 rime drakes
  A yaktaur (shapeshifter) (D:14)
  A komodo dragon (shapeshifter) (Elf:1)
  10 freezing wraiths (IceCv)
  2 komodo dragons
  2 efreet
  A hornet (D:13)
  A harpy skeleton (D:15)
  6 trolls
  8 blink frogs
  39 saltlings (Desolation)
  A raiju (shapeshifter) (D:15)
  A polar bear (Lair:3)
  5 dream sheep (Lair:6)
  10 raiju (Abyss:3)
  9 hippogriffs
  A fire dragon zombie (D:15)
  5 wraiths (Orc:1)
  A vampire (D:13)
  2 water elementals (Elf:2)
  A shadow (D:14)
  A starcursed mass (Abyss:3)
  50 yaks
  2 spriggans
  2 wyverns
  A fire elemental (Elf:2)
  A hungry ghost (D:8)
  2 basilisks
  4 fire bats (Abyss:3)
  4 chaos spawn (Abyss:3)
  A neqoxec (Abyss:3)
  11 vampire mosquitoes (D:15)
  5 nagas (Lair:4)
  A warg (Orc:2)
  2 acid dragons
  A swamp drake (Abyss:3)
  A human zombie (D:15)
  7 water moccasins
  A small abomination (Abyss:3)
  2 large abominations (Abyss:3)
  15 orc warriors
  8 porcupines
  A slave (D:7)
  4 sky beasts
  12 ice beasts
  A black bear (shapeshifter) (D:15)
  3 black bears
  A hornet zombie (D:6)
  An alligator simulacrum (IceCv)
  An eye of draining (D:11)
  2 phantoms
  38 wolves
  34 ogres
  13 centaurs
  5 crocodiles
  2 big kobolds
  25 bullfrogs
  A wyvern zombie (D:13)
  3 earth elementals
  4 scorpions
  12 wights
  2 electric eels
  4 howler monkeys
  5 crimson imps
  A quasit (D:8)
  3 bullfrog zombies
  4 draconian simulacra (IceCv)
  5 centaur skeletons
  4 hounds
  A jelly (D:13)
  Crazy Yiuf (D:4)
  4 bullfrog skeletons
  7 orc priests
  25 orc wizards
  3 iguanas
  A polar bear simulacrum (IceCv)
  A spriggan simulacrum (IceCv)
  13 worker ants
  6 troll simulacra (IceCv)
  2 wolf simulacra (IceCv)
  3 centaur simulacra (IceCv)
  A hound zombie (D:5)
  A hound skeleton (D:8)
  8 gnolls
  11 adders
  3 naga simulacra (IceCv)
  3 ogre simulacra (IceCv)
  A shadow imp (D:6)
  13 white imps
  3 oozes
  2 adder skeletons
  5 worms
  A dart slug (D:1)
  5 leopard geckos
  59 orcs
  7 giant cockroaches
  9 goblins
  8 hobgoblins
  14 jackals
  12 kobolds
  4 quokkas
  A ball python (D:2)
  10 bats
  2 frilled lizards
  2 gnoll zombies (D:7)
  2 goblin skeletons (D:4)
  2 hobgoblin zombies (D:4)
  2 kobold skeletons (D:4)
  A kobold zombie (D:4)
  2 orc skeletons (D:4)
  2 orc zombies (D:4)
  7 rats
  A lurking horror (Abyss:3)
  A withered plant (D:15)
968 creatures vanquished.

Vanquished Creatures (collateral kills)
  2 yaks (D:9)
  An ice beast (D:6)
  3 wights
6 creatures vanquished.

Vanquished Creatures (others)
  A deep elf mage (Elf:1)
  3 blocks of ice
  A bush (D:6)
  8 fungi
  9 plants
  4 withered plants (D:15)
26 creatures vanquished.

Grand Total: 1000 creatures vanquished

Notes
Turn   | Place    | Note
-------+----------+-------------------------------------------
     0 | D:1      | Amnesiac the Deep Elf Ice Elementalist began the quest for the Orb.
     0 | D:1      | Reached XP level 1. HP: 10/10 MP: 6/6
   161 | D:1      | Reached skill level 1 in Fighting
   177 | D:1      | Reached XP level 2. HP: 7/16 MP: 0/8
   761 | D:2      | Found a bloodstained altar of Trog.
   812 | D:2      | Found an ornate altar of the Wu Jian Council.
   866 | D:2      | Reached XP level 3. HP: 18/21 MP: 4/9
   874 | D:2      | Learned a level 3 spell: Ozocubu's Armour
  1155 | D:2      | Found a shattered altar of Ashenzari.
  1156 | D:2      | Found a shadowy altar of Dithmenos.
  1631 | D:3      | Reached XP level 4. HP: 27/27 MP: 8/10
  2690 | D:2      | Learned a level 4 spell: Throw Icicle
  2885 | D:3      | Learned a level 1 spell: Freeze
  2907 | D:3      | Reached XP level 5. HP: 15/32 MP: 3/11
  3191 | D:4      | Found a runed door.
  3717 | D:4      | Found a glowing golden altar of the Shining One.
  4208 | D:4      | Noticed Crazy Yiuf
  4214 | D:4      | Killed Crazy Yiuf
  4270 | D:5      | Entered Level 5 of the Dungeon
  4356 | D:5      | Noticed a phantom
  4408 | D:4      | Killed a phantom
  4408 | D:4      | Reached XP level 6. HP: 23/38 MP: 12/12
  4536 | D:5      | Noticed an ice beast
  4804 | D:5      | Noticed an ice beast
  4996 | D:6      | Reached XP level 7. HP: 40/44 MP: 11/13
  5019 | D:6      | Reached skill level 5 in Dodging
  5440 | D:5      | Reached skill level 5 in Fighting
  5629 | D:5      | Got an encrusted hunting sling
  6043 | D:6      | Learned a level 4 spell: Summon Ice Beast
  6103 | D:6      | Reached XP level 8. HP: 32/51 MP: 1/14
  6628 | D:6      | Identified the +3 hunting sling of Death's Door {freeze, rPois} (You found it on level 5 of the Dungeon)
  7079 | D:6      | Reached skill level 5 in Ice Magic
  7128 | D:6      | Reached skill level 5 in Conjurations
  7143 | D:6      | Reached skill level 5 in Spellcasting
  7484 | D:7      | Found a white marble altar of Elyvilon.
  7841 | D:7      | Found a basalt altar of Yredelemnul.
  7984 | D:7      | Noticed Pikel
  8010 | D:7      | Killed Pikel
  8010 | D:7      | Reached XP level 9. HP: 43/56 MP: 10/18
  8653 | D:7      | Found a staircase to the Ecumenical Temple.
  8892 | Temple   | Entered the Ecumenical Temple
  9502 | D:8      | Noticed Psyche
 10061 | D:8      | Noticed a two-headed ogre
 10098 | D:8      | Killed a two-headed ogre
 10098 | D:8      | Reached XP level 10. HP: 27/65 MP: 0/19
 10920 | D:9      | Noticed Gastronok
 11209 | D:9      | Found a deep blue altar of Sif Muna.
 11265 | D:9      | Became a worshipper of Sif Muna the Loreminder
 11393 | D:9      | Found an ancient bone altar of Kikubaaqudgha.
 11393 | D:9      | Found a blossoming altar of Fedhas.
 11422 | D:9      | Noticed Nattefrost's ghost (novice MiMo)
 11435 | D:9      | Killed Nattefrost's ghost
 11462 | D:9      | Reached * piety under Sif Muna
 11962 | D:9      | Noticed Maurice
 11967 | D:9      | Paralysed by something for 7 turns
 12036 | D:9      | Noticed Erica
 12073 | D:9      | Killed Erica
 12337 | D:9      | Killed Gastronok
 12337 | D:9      | Reached ** piety under Sif Muna
 12337 | D:9      | Reached XP level 11. HP: 62/71 MP: 0/23
 12491 | D:9      | Killed Maurice
 12495 | D:9      | Got a shadowed robe
 12588 | D:9      | Found a burning altar of Makhleb.
 12602 | D:9      | Identified the +1 robe "Litagulo" {rF+ rC+ MR- SInv} (You took it off Maurice on level 9 of the Dungeon)
 12752 | D:10     | Entered Level 10 of the Dungeon
 12786 | D:10     | Noticed an unseen horror
 12790 | D:10     | Killed an unseen horror
 12804 | D:10     | Got an encrusted chain mail
 12861 | D:10     | Noticed a vault guard
 12885 | D:10     | Killed a vault guard
 12885 | D:10     | Reached *** piety under Sif Muna
 12911 | D:10     | Found a portal to a secret trove of treasure.
 12930 | D:10     | Learned a level 1 spell: Summon Butterflies
 13233 | D:10     | Found a staircase to the Lair.
 13491 | Lair:1   | Entered Level 1 of the Lair of Beasts
 13497 | Lair:1   | Reached skill level 1 in Shields
 13504 | Lair:1   | Noticed Nergalle
 13544 | Lair:1   | Identified the +9 chain mail of Soankeesm {+Fly Regen+ rCorr Str-5} (You found it on level 10 of the Dungeon)
 13544 | Lair:1   | Lost strength.
 13715 | D:11     | Killed Psyche
 13782 | D:11     | Found a staircase to the Orcish Mines.
 14130 | Lair:1   | Killed Nergalle
 14325 | Lair:1   | Noticed a five-headed hydra
 14331 | Lair:1   | Killed a five-headed hydra
 14331 | Lair:1   | Reached **** piety under Sif Muna
 14694 | Lair:1   | Reached XP level 12. HP: 75/76 MP: 22/26
 14701 | Lair:1   | Learned a level 3 spell: Regeneration
 14725 | Lair:1   | Learned a level 4 spell: Ice Form
 14822 | Lair:1   | Reached skill level 10 in Ice Magic
 14824 | Lair:1   | Reached skill level 10 in Conjurations
 15834 | Lair:2   | Noticed a seven-headed hydra
 15841 | Lair:2   | Killed a seven-headed hydra
 16081 | Lair:2   | Noticed a six-headed hydra
 16540 | Lair:1   | Reached ***** piety under Sif Muna
 16540 | Lair:1   | Received a gift from Sif Muna
 17215 | Lair:2   | Found a staircase to the Shoals.
 17807 | Lair:1   | Reached skill level 10 in Dodging
 17941 | Lair:2   | Killed a six-headed hydra
 17941 | Lair:2   | Reached skill level 10 in Spellcasting
 18207 | Lair:2   | Got a dazzling scale mail
 18653 | Lair:2   | Reached XP level 13. HP: 67/80 MP: 3/29
 18988 | Lair:3   | Identified the +4 scale mail of Entitlement {rF+ rC+} (You found it on level 2 of the Lair of Beasts)
 19347 | Lair:3   | Received a gift from Sif Muna
 20192 | Lair:4   | Found a labyrinth entrance.
 20253 | Lab      | Entered a labyrinth
 20559 | Lab      | Found an exit through the horrors of the Abyss.
 20598 | Lab      | Noticed a minotaur
 20602 | Lab      | Killed a minotaur
 20607 | Lab      | Got an ivory short sword {flame}
 20608 | Lab      | Identified the Almanac of Attacks and the Oath
 20632 | Lab      | Identified the +5 short sword of the Gloaming {flame, rF++ Dex+5} (You took it off a minotaur in a labyrinth)
 20690 | Lair:4   | Found a staircase to the Snake Pit.
 21187 | Lair:5   | Learned a level 6 spell: Freezing Cloud
 21194 | Lair:5   | Learned a level 6 spell: Deflect Missiles
 21223 | Lair:5   | Noticed Armakuni's ghost (journeyman VSTm)
 21242 | Lair:5   | Killed Armakuni's ghost
 21454 | Lair:5   | Found a viscous altar of Jiyva.
 21454 | Lair:5   | Found a staircase to the Slime Pits.
 22159 | Lair:6   | Entered Level 6 of the Lair of Beasts
 22488 | Lair:6   | Reached skill level 10 in Fighting
 22517 | Lair:6   | Identified Sif Muna's Disquisition on Damaging Transformation (Sif Muna gifted it to you on level 6 of the Lair of Beasts)
 22517 | Lair:6   | Received a gift from Sif Muna
 22539 | Lair:6   | Reached skill level 1 in Charms
 22539 | Lair:6   | Reached skill level 1 in Air Magic
 23132 | Lair:6   | Reached XP level 14. HP: 88/88 MP: 31/31
 23533 | Lair:6   | Reached skill level 5 in Charms
 23533 | Lair:6   | Reached skill level 5 in Air Magic
 23922 | Lair:6   | Identified Ipaipona's Papyrus of Flight and Translocation
 23932 | Lair:6   | Learned a level 2 spell: Blink
 24135 | Orc:1    | Entered Level 1 of the Orcish Mines
 24312 | Orc:1    | Noticed Urug
 24318 | Orc:1    | Killed Urug
 24569 | Orc:2    | Entered Level 2 of the Orcish Mines
 24569 | Orc:2    | Found a staircase to the Elven Halls.
 24600 | Orc:2    | Identified Sif Muna's Compendium of Doomed Arcane Weapons (Sif Muna gifted it to you on level 2 of the Orcish Mines)
 24600 | Orc:2    | Received a gift from Sif Muna
 25295 | Orc:1    | Noticed Josephine
 25360 | Orc:2    | Found a roughly hewn altar of Beogh.
 26807 | Orc:2    | Found Uwoehosyant's Antique Weapon Shoppe.
 26808 | Orc:2    | Found Jeskutug's Antique Weapon Boutique.
 26816 | Orc:2    | Found Lumpakeu's Magic Scroll Boutique.
 26816 | Orc:2    | Found Xusicepoc's General Store.
 26825 | Orc:2    | Bought a scroll of enchant armour for 112 gold pieces
 26912 | Orc:1    | Killed Josephine
 27147 | Elf:1    | Entered Level 1 of the Elven Halls
 27379 | Elf:1    | Identified a paperback manual (Sif Muna gifted it to you on level 1 of the Elven Halls)
 27379 | Elf:1    | Received a gift from Sif Muna
 27519 | D:11     | Learned a level 9 spell: Glaciate
 27556 | D:11     | Found Emocw's Distillery.
 27563 | D:11     | Reached XP level 15. HP: 94/94 MP: 34/34
 27589 | D:11     | Found a gateway to a bazaar.
 28183 | D:11     | Reached ****** piety under Sif Muna
 28470 | D:12     | Noticed Snorg
 28473 | D:12     | Killed Snorg
 28749 | D:12     | Found Ostretep's Pet Rocks.
 28921 | D:12     | Found a deep blue altar of Sif Muna.
 29384 | D:13     | Found a frozen archway.
 29389 | IceCv    | Entered an ice cave
 29659 | IceCv    | Identified Sif Muna's Further Steps in Magic (Sif Muna gifted it to you in an ice cave)
 29659 | IceCv    | Received a gift from Sif Muna
 30134 | IceCv    | Found an ancient bone altar of Kikubaaqudgha.
 31175 | D:13     | Identified Sif Muna's Disquisition on the Entrancing Escort
 32098 | D:14     | Identified Sif Muna's Papyrus of Dung (Sif Muna gifted it to you on level 14 of the Dungeon)
 32098 | D:14     | Received a gift from Sif Muna
 32719 | D:14     | Learned a level 1 spell: Apportation
 32748 | D:14     | Found a gate to the Vaults.
 33014 | D:14     | Reached skill level 15 in Ice Magic
 33029 | D:14     | Reached skill level 15 in Conjurations
 33310 | D:15     | Entered Level 15 of the Dungeon
 33344 | D:15     | Found a shadowy altar of Dithmenos.
 34082 | D:15     | Found a staircase to the Depths.
 34094 | D:15     | Reached XP level 16. HP: 85/100 MP: 19/36
 34318 | D:15     | Identified Erav Gar's Compendium of Conjuration (Sif Muna gifted it to you on level 15 of the Dungeon)
 34318 | D:15     | Received a gift from Sif Muna
 34514 | D:15     | Learned a level 7 spell: Orb of Destruction
 35441 | Elf:1    | Reached skill level 15 in Spellcasting
 35460 | Elf:1    | Reached skill level 1 in Invocations
 36011 | Elf:1    | Reached skill level 5 in Invocations
 36419 | Elf:2    | Found Cekyur's Jewellery Boutique.
 36473 | Elf:2    | Got a scorched whip
 36553 | Elf:2    | Found a ruined gateway.
 36565 | Desolati | Entered the Desolation of Salt
 36930 | Desolati | Identified Ydonayh's Handbook of Shifting Ice
 36957 | Desolati | Identified Sif Muna's Almanac of Battle Magic (Sif Muna gifted it to you in the Desolation of Salt)
 36957 | Desolati | Received a gift from Sif Muna
 36968 | Desolati | Got a clouded platinum amulet
 37121 | Desolati | Identified a scroll of acquirement {!r}
 37122 | Desolati | Identified the amulet of Ukausoy {MR+ Regen+ Slay+3} (You found it in the Desolation of Salt)
 38128 | Desolati | Reached XP level 17. HP: 104/104 MP: 38/38
 38213 | Desolati | Identified the amulet "Zedgh" {RegenMP rN+ MR+ Dex+3} (You found it in the Desolation of Salt)
 38563 | Desolati | Got a warped copper ring
 38570 | Desolati | Identified the ring of Yfakk {Str+8 Slay-3 Stlth-} (You found it in the Desolation of Salt)
 38590 | Desolati | Got a bound platinum amulet
 38745 | Elf:2    | Got an ancient copper amulet
 38747 | Elf:2    | Identified the amulet of the Lily {RegenMP *Drain +Fly rC- Dex+6} (You found it in the Desolation of Salt)
 38751 | Elf:2    | Identified the amulet "Purokhit" {Fragile Regen+ Slay+5 SInv} (You acquired it on level 2 of the Elven Halls)
 38899 | Elf:2    | Found a runed gate.
 38899 | Elf:2    | Found a runed gate.
 38899 | Elf:2    | Found a runed gate.
 39243 | Elf:2    | Noticed a deep elf blademaster
 39248 | Elf:2    | Killed a deep elf blademaster
 39557 | Elf:2    | Identified Sif Muna's Further Progress in Sorcery (Sif Muna gifted it to you on level 2 of the Elven Halls)
 39557 | Elf:2    | Received a gift from Sif Muna
 39701 | Elf:3    | Entered Level 3 of the Elven Halls
 39962 | Elf:3    | Noticed a deep elf blademaster
 39966 | Elf:3    | Killed a deep elf blademaster
 40588 | Elf:3    | Noticed a deep elf blademaster
 40610 | Elf:3    | Killed a deep elf blademaster
 40803 | Elf:3    | Cast into level 3 of the Abyss (a deep elf demonologist)
 40962 | Abyss:3  | Found a corrupted altar of Lugonu.
 41046 | Abyss:3  | Killed a lich
 41049 | Abyss:3  | Noticed a lich
 41050 | Abyss:3  | Killed a lich
 41061 | Abyss:3  | Noticed a lich
 41061 | Abyss:3  | Noticed a lich
 41069 | Abyss:3  | Killed a lich
 41069 | Abyss:3  | Reached XP level 18. HP: 79/110 MP: 20/40
 41074 | Abyss:3  | Killed a lich
 41078 | Abyss:3  | HP: 4/110 [starcursed mass/accursed screaming (4)]
 41078 | Abyss:3  | Slain by an ancient lich

Vault maps used:
D:1:      scummos_arrival_forest, serial_forest, infiniplex_forest_clump_curved,
          infiniplex_forest_straight_4, infiniplex_forest_end_3,
          infiniplex_forest_lined_room_2, infiniplex_forest_lined_3,
          infiniplex_forest_straight_3, hex_tiny
D:2:      old_standard_altar, nicolae_overflow_hidden_temple,
          mrwooster_statue_mirror, minivault_26, palyth_stone_intersect,
          bloody_trog
D:3:      first_ration
D:4:      nicolae_tso_besieged_by_evil, uniq_crazy_yiuf_cottage
D:5:      kennysheep_small_circle
D:6:      kb_lookout_dungeons_type
D:7:      lemuel_doored_altar, lemuel_zombie_altar_yredelemnul,
          minmay_temple_entry_mist, the_bakery, hangedman_decor_points,
          uniq_pikel
D:8:      uniq_psyche
D:9:      grunt_temple_overflow_growth_and_decay, makhleb_grotto_becter,
          led_sif_pool, grunt_ministairs_11, nicolae_two_hexagons,
          uniq_gastronok, uniq_maurice, uniq_erica
D:10:     lair_entry_dummy, enter_trove_5, uniq_snorg
D:11:     orc_0_dummy, serial_shops, bzr_entry_gold, shop_fountains
D:12:     basic_altar, guppyfry_shop_earth
D:13:     dragon1_lemuel, portal_ice_cave_entry_pillars_1, grunt_ministairs_6
D:14:     erik_vaults_2, minmay_staircase_bubble
D:15:     gammafunk_depths_entry_grave, nicolae_dithmenos_shadow_blocks,
          minmay_strange_pillars
Temple:   jpeg_temple_clearing
Lair:1:   grunt_megastairs_1, serial_bayou_shore_a, infiniplex_staircase_pool,
          uniq_nergalle
Lair:2:   minmay_shoals_entry_centaurs, grunt_forest_large_clearings
Lair:3:   grunt_forest_stairs_clearing, minmay_lair_oklob_chamber
Lair:4:   minmay_snake_entry_guardpost_medium, lab_entry_generic
Lair:5:   slime_altar_1
Lair:6:   evilmike_catoblepas_cave
Orc:1:    uniq_urug, uniq_josephine
Orc:2:    st_orc_ogre_mass, basic_altar
Elf:1:    eino_elf_arrival_customs, minivault_14
Elf:2:    portal_desolation_entry_nicolae_slug, serial_shops,
          nicolae_shop_crystal
Elf:3:    elf_hall, corexii_leaking_fountain
Lab:      nicolae_lab_dead_adventurers, nicolae_lab_big_swirl,
          labyrinth_skeletal_remains, nicolae_lab_checkerboard,
          labyrinth_fake_exit
IceCv:    ice_cave_small_necro

Skill      XL: |  1  2  3  4  5  6  7  8  9 10 11 12 13 14 15 16 17 |
---------------+----------------------------------------------------+-----
Fighting       | 1 2 4 6 8 9 10 11 | 11.0
Stealth        | 3 |  3.0
Dodging        | 4 6 8 9 10 11 | 11.0
Conjurations   | 2 3 5 8 9 11 13 15 16 17 | 17.9
Ice Magic      | 5 8 9 11 13 15 16 17 | 17.9
Spellcasting   | 5 7 8 10 11 13 14 15 16 | 16.7
Shields        | 3 4 |  4.0
Charms         | 3 5 |  5.1
Air Magic      | 3 5 |  5.1
Invocations    | 8 |  8.0

Action                   |  1- 3 |  4- 6 |  7- 9 | 10-12 | 13-15 | 16-18 || total
-------------------------+-------+-------+-------+-------+-------+-------++-------
Melee: Unarmed           |    15 |    22 |       |       |       |       ||    37
       Dagger            |       |    21 |       |    53 |     7 |       ||    81
       Hunting sling     |       |       |       |     2 |       |       ||     2
       Staff             |       |       |       |       |    11 |     8 ||    19
 Fire: Hunting sling     |       |   230 |   302 |   165 |       |       ||   697
Throw: Stone             |       |       |       |       |     3 |       ||     3
 Cast: Freeze            |    71 |    47 |   140 |    74 |     1 |       ||   333
       Ozocubu's Armour  |       |     2 |     2 |     6 |     3 |       ||    13
       Summon Ice Beast  |       |       |    11 |     3 |       |       ||    14
       Throw Icicle      |       |       |    15 |   288 |   972 |    28 ||  1303
       Deflect Missiles  |       |       |       |       |     5 |     1 ||     6
       Orb of Destructio |       |       |       |       |       |   293 ||   293
       Freezing Cloud    |       |       |       |       |       |    12 ||    12
       Glaciate          |       |       |       |       |       |     3 ||     3
       Regeneration      |       |       |       |       |       |     5 ||     5
Invok: Divine Energy     |       |       |       |     1 |       |       ||     1
       Channel Magic     |       |       |       |       |       |    11 ||    11
       Forget Spell      |       |       |       |       |       |     1 ||     1
  Use: Scroll            |     1 |     7 |       |    16 |    15 |     8 ||    47
       Potion            |       |       |       |     1 |     1 |     7 ||     9
 Stab: Sleeping          |       |     1 |       |       |       |       ||     1
  Eat: Chunk             |    13 |    11 |    20 |    20 |    45 |    45 ||   154
       Ration            |       |       |       |     1 |     1 |     8 ||    10
Armor: Robe              |    25 |    53 |    79 |    96 |    55 |    38 ||   346
       Skin              |       |       |       |    12 |    19 |       ||    31
Dodge: Dodged            |    45 |   131 |   249 |   316 |   274 |   113 ||  1128
       Deflected         |       |       |       |       |    16 |    26 ||    42
Block: Buckler           |       |       |       |    46 |    70 |    22 ||   138

Table legend:
 A = Spawn XP
 B = Non-spawn XP
 C = Spawn XP percentage of total XP
 D = Spawn monster count
 E = Non-spawn monster count
 F = Spawn count percentage of total count
 G = Total turns spent on level
                    A         B        C        D         E        F      G
               +---------+---------+-------+---------+---------+-------+---------
         Total |    4666 |  289848 |   1.6 |      18 |     954 |   1.9 | 41078
               +---------+---------+-------+---------+---------+-------+---------
           D:1 |       0 |      26 |   0.0 |       0 |      17 |   0.0 |   799
           D:2 |       0 |      59 |   0.0 |       0 |      17 |   0.0 |   925
           D:3 |       0 |     129 |   0.0 |       0 |      26 |   0.0 |  1444
           D:4 |       0 |     501 |   0.0 |       0 |      24 |   0.0 |  1562
           D:5 |       0 |     378 |   0.0 |       0 |      22 |   0.0 |  1267
           D:6 |       0 |    1617 |   0.0 |       0 |      38 |   0.0 |  2048
           D:7 |       0 |    1819 |   0.0 |       0 |      23 |   0.0 |  1457
           D:8 |       0 |    2550 |   0.0 |       0 |      26 |   0.0 |  1812
           D:9 |       0 |    6386 |   0.0 |       0 |      31 |   0.0 |  1572
          D:10 |       0 |    2737 |   0.0 |       0 |      13 |   0.0 |   945
          D:11 |       0 |    4164 |   0.0 |       0 |      38 |   0.0 |  1105
          D:12 |       0 |    5242 |   0.0 |       0 |      28 |   0.0 |   842
          D:13 |       0 |    7273 |   0.0 |       0 |      21 |   0.0 |  1002
          D:14 |       0 |   18962 |   0.0 |       0 |      41 |   0.0 |  1598
          D:15 |       0 |   17109 |   0.0 |       0 |      45 |   0.0 |  1810
        Lair:1 |       0 |   10935 |   0.0 |       0 |      41 |   0.0 |  2931
        Lair:2 |       0 |    9743 |   0.0 |       0 |      40 |   0.0 |  1846
        Lair:3 |       0 |    6651 |   0.0 |       0 |      27 |   0.0 |  1276
        Lair:4 |       0 |    2647 |   0.0 |       0 |      15 |   0.0 |   689
        Lair:5 |       0 |    4852 |   0.0 |       0 |      16 |   0.0 |  1060
        Lair:6 |       0 |   19205 |   0.0 |       0 |      51 |   0.0 |  1847
         Orc:1 |       0 |    6386 |   0.0 |       0 |      44 |   0.0 |  1162
         Orc:2 |       0 |   19942 |   0.0 |       0 |      67 |   0.0 |  2101
         Elf:1 |       0 |   25426 |   0.0 |       0 |      43 |   0.0 |  1286
         Elf:2 |       0 |   35664 |   0.0 |       0 |      48 |   0.0 |  1168
         Elf:3 |       0 |   23186 |   0.0 |       0 |      19 |   0.0 |  1102
       Abyss:3 |    4666 |   16311 |  22.2 |      18 |      15 |  54.5 |   275
           Lab |       0 |    1085 |   0.0 |       0 |       1 |   0.0 |   392
         IceCv |       0 |    6344 |   0.0 |       0 |      54 |   0.0 |  1499
    Desolation |       0 |   32519 |   0.0 |       0 |      63 |   0.0 |  2121
               +---------+---------+-------+---------+---------+-------+---------
